 Dungeon Crawl Stone Soup version 0.25.1-2-g60ff931df9 (webtiles) character file.

Game seed: 13624266178093385386

382 Groucho the Covert (level 6, -4/24 HPs)
             Began as a Felid Enchanter on Oct 28, 2020.
             Was an Initiate of Dithmenos.
             Slain by a slave (6 damage)
             ... led by Pikel
             ... while paralysed by Pikel
             ... on level 5 of the Dungeon.
             The game lasted 00:12:03 (6217 turns).

Groucho the Covert (Felid Enchanter)                Turns: 6217, Time: 00:12:04

Health: -4/24      AC:  2    Str:  6    XL:     6   Next: 47%
Magic:  12/13      EV:  4    Int: 16    God:    Dithmenos [......]
Gold:   143        SH:  0    Dex: 17    Spells: 2/14 levels left
                                        Lives:  0   Deaths: 1

rFire    . . .     SeeInvis +     - Unarmed
rCold    . . .     Gourm    .   (shield unavailable)
rNeg     . . .     Faith    .   (armour unavailable)
rPois    .         Spirit   .   (helmet unavailable)
rElec    .         Reflect  .   (cloak unavailable)
rCorr    .         Harm     .   (gloves unavailable)
MR       .....                  (boots unavailable)
Stlth    +++++.....             (no amulet)
HPRegen  0.08/turn              (no ring)
MPRegen  0.13/turn              (no ring)

@: paralysed, quick
A: very small, no armour, no weapons or thrown items, stealth, claws 1, fangs 3,
see invisible, carnivore, speed 1, shaggy fur 2, slow metabolism 1, sharp paws
a: Renounce Religion


You were on level 5 of the Dungeon.
You worshipped Dithmenos.
Dithmenos was noncommittal.
You were full.

You visited 2 branches of the dungeon, and saw 6 of its levels.

You collected 143 gold pieces.

Inventory:

Jewellery
 o - a +4 ring of protection {unknown}
 p - a cursed -4 ring of slaying {unknown}
Scrolls
 a - a scroll of noise {unknown}
 c - 3 scrolls of identify {unknown}
 e - 2 scrolls of remove curse {unknown}
 f - 3 scrolls of teleportation {unknown}
 g - 2 scrolls of blinking {unknown}
 l - 2 scrolls of amnesia {unknown}
 n - a scroll of enchant weapon {unknown}
Potions
 d - 3 potions of flight {unknown}
 h - 2 potions of heal wounds {unknown}
 i - a potion of cancellation {unknown}
 j - 3 potions of curing {unknown}
 m - a potion of degeneration {unknown}
Comestibles
 b - 9 rations


   Skills:
 + Level 3.9 Dodging
 + Level 9.9 Stealth
 + Level 2.1 Unarmed Combat
 + Level 4.5 Spellcasting
 + Level 7.9 Hexes


You had 2 spell levels left.
You knew the following spells:

 Your Spells              Type           Power        Failure   Level  Hunger
a - Corona                Hex            ####...      1%          1    None
b - Ensorcelled Hibernat  Hex/Ice        ###...       4%          2    ##.....
c - Dazzling Flash        Conj/Hex       ###...       10%         3    ###....
d - Tukima's Dance        Hex            ####....     1%          3    ###....
e - Confusing Touch       Hex            ####....     1%          3    ###....

Your spell library contained the following spells:

 Spells                   Type           Power        Failure   Level  Hunger


Dungeon Overview and Level Annotations

Branches:
Dungeon (5/15)             Temple (1/1) D:4

Altars:
Ashenzari
Cheibriados
Dithmenos
Fedhas
Gozag
Hepliaklqana
Kikubaaqudgha
Makhleb
Ru
Sif Muna
Trog
Uskayaw
Vehumet
Wu Jian
Xom
Yredelemnul
Zin
The Shining One

Annotations:
D:3 Ijyb, Robin
D:5 Pikel


Innate Abilities, Weirdness & Mutations

You cannot wear armour.
You are incapable of wielding weapons or throwing items.
Your paws allow you to move quietly. (Stealth)
You have sharp claws.
You have razor-sharp teeth.
You have supernaturally acute eyesight. (SInv)
You are carnivorous and can eat meat at any time.
You cover ground quickly.
You are covered in thick fur. (AC +2)
You have a slow metabolism.
Your sharp claws are effective at attacking unaware monsters.


Message History

You pounce on the unaware helpless Pikel!
You eviscerate Pikel!!!
Pikel is almost dead.
The slave misses you. The slave barely misses you.
Pikel says, "You'll fetch a fair price!"
Pikel misses you.
You barely miss Pikel.
Pikel is almost dead.
The slave hits you! The slave closely misses you. Pikel misses you.
You scratch Pikel but do no damage.
Pikel is almost dead.
The slave misses you. The slave hits you.
Pikel zaps a wand.
You suddenly lose the ability to move!
The slave hits you!
* * * LOW HITPOINT WARNING * * *
The slave hits you.
* * * LOW HITPOINT WARNING * * *
Pikel barely misses you. The slave hits you.
You die...

######.##.#.#.#..รท.......#
..#.......(.....##)#######
#.#.##.##.#.#.####.# .... #
#..........# [.....
#........### #...##
.......#p# ......
...<..K#p# ......
.......#p# .<....
###...#lp@# .... .. ##K##
.... . #.# ... #.# ... ## #
#


You could see Pikel, 4 slaves and a leopard gecko.

Vanquished Creatures
  A sky beast (D:4)
  An ogre (D:5)
  A bullfrog (D:4)
  A scorpion (D:5)
  A howler monkey (D:5)
  A crimson imp (D:5)
  A hound (D:4)
  Jessica (D:3)
  Terence (D:2)
  2 worker ants (D:4)
  A howler monkey zombie (D:5)
  A gnoll (D:1)
  A howler monkey skeleton (D:4)
  3 adders
  An adder skeleton (D:4)
  2 dart slugs
  2 leopard geckos
  4 orcs
  3 bats
  A giant cockroach (D:3)
  10 goblins
  5 hobgoblins
  6 jackals
  2 quokkas
  2 frilled lizards
  A jackal skeleton (D:5)
  3 kobolds
  8 rats (D:1)
67 creatures vanquished.

Notes
Turn   | Place    | Note
-------+----------+-------------------------------------------
     0 | D:1      | Groucho the Felid Enchanter began the quest for the Orb.
     0 | D:1      | Reached XP level 1. HP: 7/7 MP: 4/4
   363 | D:1      | Reached skill level 8 in Stealth
   363 | D:1      | Reached XP level 2. HP: 4/11 MP: 4/7
   379 | D:1      | Learned a level 2 spell: Ensorcelled Hibernation
  1174 | D:1      | Reached XP level 3. HP: 14/14 MP: 9/9
  1891 | D:1      | You fall into a shaft and drop 1 floor!
  2503 | D:2      | Reached XP level 4. HP: 18/18 MP: 10/10
  2539 | D:2      | Noticed Terence
  2546 | D:2      | Killed Terence
  2884 | D:3      | Noticed Ijyb
  2886 | D:3      | Noticed Robin
  3076 | D:3      | Noticed Jessica
  3093 | D:3      | Killed Jessica
  3093 | D:3      | Reached skill level 9 in Stealth
  3183 | D:3      | Reached XP level 5. HP: 17/21 MP: 7/12
  3710 | D:4      | Learned a level 3 spell: Dazzling Flash
  3714 | D:4      | Learned a level 3 spell: Tukima's Dance
  3718 | D:4      | Learned a level 3 spell: Confusing Touch
  3746 | D:4      | Found a staircase to the Ecumenical Temple.
  3758 | Temple   | Entered the Ecumenical Temple
  4033 | Temple   | Became a worshipper of Dithmenos the Shadowed
  4287 | D:4      | Gained mutation: You are covered in thick fur. (AC +2)
                  | [Felid growth]
  4287 | D:4      | Reached XP level 6. HP: 15/24 MP: 8/13
  4654 | D:5      | Entered Level 5 of the Dungeon
  5135 | D:4      | Found an opulent altar of Gozag.
  5135 | D:4      | Found a hide-covered altar of Uskayaw.
  5136 | D:4      | Found a shattered altar of Ashenzari.
  5142 | D:4      | Noticed a sky beast
  5149 | D:4      | Killed a sky beast
  5241 | D:4      | Found a snail-covered altar of Cheibriados.
  5661 | D:5      | Found a basalt altar of Yredelemnul.
  6015 | D:5      | Mangled by an ogre
  6016 | D:5      | Reached XP level 5. HP: -7/21 MP: 11/12
  6033 | D:5      | Noticed Pikel
  6033 | D:5      | Noticed a slave
  6034 | D:5      | Noticed a slave
  6034 | D:5      | Noticed a slave
  6056 | D:5      | Killed an ogre
  6056 | D:5      | Reached XP level 6. HP: 24/24 MP: 9/13
  6207 | D:5      | Noticed a slave
  6215 | D:5      | Paralysed by Pikel for 6 turns
  6217 | D:5      | Slain by a slave

Illustrated notes

Levels and vault maps discovered:
D:1:      roderic_octagonal_star, layout_basic
D:2:      wander_river, layout_rooms, grunt_ministairs_8,
          hangedman_decor_points, uniq_terence
D:3:      layout_loops_ring, first_ration, uniq_ijyb, uniq_robin,
          uniq_crazy_yiuf_cottage, uniq_jessica
D:4:      layout_cave_pools, lemuel_coloured_pillars_altar,
          gammafunk_temple_overflow_claw, minmay_temple_entry_mist
D:5:      layout_loops_cross, lemuel_crystal_altar, yredelemnul_altar_generic,
          uniq_pikel, uniq_duvessa
Temple:   dshaligram_water_room_temple

Skill      XL: |  1  2  3  4  5 |
---------------+----------------+-----
Stealth        | 8 9 |  9.9
Spellcasting   | 3 4 |  4.5
Hexes          | 6 7 |  7.9
Dodging        | 3 |  3.9
Unarmed Combat | 2 |  2.1

Action                   |  1- 3 |  4- 6 || total
-------------------------+-------+-------++-------
Melee: Unarmed           |    79 |   120 ||   199
       Bite              |     9 |     6 ||    15
       Punch             |       |     1 ||     1
 Cast: Ensorcelled Hiber |     4 |    34 ||    38
       Confusing Touch   |       |     2 ||     2
  Use: Potion            |     3 |       ||     3
 Stab: Sleeping          |     8 |    34 ||    42
       Distracted        |     1 |       ||     1
       Confused          |       |     2 ||     2
  Eat: Chunk             |     5 |    15 ||    20
Armor: Skin              |     2 |    13 ||    15
Dodge: Dodged            |    52 |   130 ||   182
